 Dungeon Crawl Stone Soup version 0.26-a0-812-g31a745ddcd (webtiles) character file.

Game seed: 11749175917012521130

11776 Morbidden the Carver (level 11, -3/83 HPs)
             Began as a Demonspawn Fighter on Nov 13, 2020.
             Was a Priest of Vehumet.
             Slain by a sky beast (5 damage)
             ... on level 12 of the Dungeon.
             The game lasted 00:20:41 (16907 turns).

Morbidden the Carver (Demonspawn Fighter)          Turns: 16907, Time: 00:20:42

Health: -3/83      AC: 19    Str: 16    XL:     11   Next: 53%
Magic:  20/20      EV: 13    Int: 18    God:    Vehumet [***...]
Gold:   733        SH: 12    Dex: 14    Spells: 18/22 levels left

rFire    + . .     SeeInvis .   a - +1 scimitar
rCold    + . .     Faith    .   c - +1 kite shield
rNeg     . . .     Spirit   .   J - +2 plate armour {rF+}
rPois    .         Reflect  .   (helmet restricted)
rElec    .         Harm     .   q - +0 cloak
rCorr    .         Rampage  .   A - +1 pair of gloves
MR       .....                  o - +0 pair of boots
Stlth    ..........             (no amulet)
HPRegen  0.23/turn              b - ring of protection from cold
MPRegen  0.17/turn              g - +6 ring of intelligence

@: agile
A: horns 2, powered by pain 1, spiny 1, sturdy frame 2
a: Renounce Religion


You were on level 12 of the Dungeon.
You worshipped Vehumet.
Vehumet was most pleased with you.
You visited 2 branches of the dungeon, and saw 13 of its levels.
You also visited: Sewer.

You collected 733 gold pieces.

Inventory:

Hand Weapons
 a - a +1 scimitar (weapon)
 u - a +1 dagger of draining
Missiles
 i - 35 poisoned darts (quivered)
 y - 8 javelins
Armour
 c - a +1 kite shield (worn)
 o - a +0 pair of boots (worn)
 q - a +0 cloak (worn)
 A - a +1 pair of gloves (worn)
 J - a +2 plate armour of fire resistance (worn)
Magical Staves
 C - an uncursed staff of air
 D - an uncursed staff of earth
Jewellery
 b - a ring of protection from cold (left hand)
 g - a +6 ring of intelligence (right hand)
 v - an uncursed ring of resist corrosion
Wands
 z - a wand of flame (19)
 B - a wand of disintegration (3)
 H - a wand of polymorph (3)
Scrolls
 e - 4 scrolls of teleportation
 h - 4 scrolls of remove curse {unknown}
 k - 6 scrolls of fog {unknown}
 n - 7 scrolls of blinking {unknown}
 p - 3 scrolls of fear {unknown}
 r - 3 scrolls of magic mapping {unknown}
 s - a scroll of enchant armour
 t - 11 scrolls of identify
Potions
 d - 4 potions of might
 f - 2 potions of curing
 j - 3 potions of flight
 l - 3 potions of brilliance
 m - 2 potions of haste
 E - a potion of heal wounds
 F - 2 potions of mutation {unknown}
 G - a potion of attraction {unknown}
 K - a potion of ambrosia


   Skills:
 + Level 6.7 Fighting
 + Level 8.7 Long Blades
 + Level 2.2 Throwing
 + Level 5.8 Armour
 + Level 4.9 Dodging
 + Level 2.9 Stealth
 * Level 7.9 Shields
 * Level 6.2 Spellcasting
 * Level 4.9 Conjurations
 * Level 0.2 Necromancy
 + Level 1.2 Evocations


You had 18 spell levels left.
You knew the following spells:

 Your Spells              Type           Power        Failure   Level
a - Magic Dart            Conj           ###.         11%         1
b - Vampiric Draining     Necr           #.........   100%        3

Your spell library contained the following spells:

 Spells                   Type           Power        Failure   Level
 Stone Arrow              Conj/Erth      ##....       58%         3
 Inner Flame              Hex/Fire       #.......     89%         3
 Animate Skeleton         Necr           #.....       95%         1
 Pain                     Necr           #...         95%         1
 Corona                   Hex            #......      97%         1
 Slow                     Hex            #.......     99%         2
 Confusing Touch          Hex            #.......     100%        3
 Gell's Gravitas          Tloc           #.........   100%        3
 Portal Projectile        Hex/Tloc       #.....       100%        3
 Animate Dead             Necr           #.........   100%        4
 Cause Fear               Hex            #.........   100%        4
 Leda's Liquefaction      Hex/Erth       #.........   100%        4
 Petrify                  Tmut/Erth      #.......     100%        4
 Agony                    Necr           #.......     100%        5
 Metabolic Englaciation   Hex/Ice        #.........   100%        5
 Yara's Violent Unravell  Hex/Tmut       #.........   100%        5


Dungeon Overview and Level Annotations

Branches:
Dungeon (12/15)            Temple (1/1) D:6            Lair (0/6) D:10
    Orc (0/2) D:9           Sewer (visited)

Altars:
Ashenzari
Cheibriados
Dithmenos
Fedhas
Gozag
Hepliaklqana
Kikubaaqudgha
Makhleb
Nemelex Xobeh
Okawaru
Qazlal
Ru
Sif Muna
Trog
Uskayaw
Vehumet
Wu Jian
Xom
Yredelemnul
Zin
The Shining One

Shops:
D:4 :   D:7 (   D:10 }

Annotations:
D:6 2 transporters
D:7 2 runed translucent doors, Forecaster's ghost, novice NaVM


Innate Abilities, Weirdness & Mutations

You have a pair of horns on your head.
You sometimes gain a little power by taking damage.
You are partially covered in sharp spines.
Your movements are less encumbered by armour. (ER -4)


Message History

The slime creature is struck by your spines.
The slime creature hits you but does no damage.
You hit the slime creature.
The slime creature is severely wounded.
You block the very large slime creature's attack.
Something hits you but does no damage. The slime creature hits you!
Your plate armour prevents you from hitting the slime creature.
The slime creature is severely wounded.
The very large slime creature is struck by your spines.
The very large slime creature hits you!!!
* * * LOW HITPOINT WARNING * * *
A sky beast appears from thin air!
Reactivating autopickup.
You block the sky beast's attack. The slime creature hits you.
* * * LOW HITPOINT WARNING * * *
Unknown command.
The sky beast hits you.
* * * LOW HITPOINT WARNING * * *
The sky beast shocks you.
You die...

#..# #........ ######..#
#........ ........#
#........ ........#
#........
......†.########........
........................
............>...........
..:.....................
.......@########........
......YJ# #........
.......J# #........
........# #........
........# #.....>..
........# #........
........# #........
........# #........
........# #........


You could see a very large slime creature, a slime creature and a sky beast.

Vanquished Creatures
  A catoblepas (D:10)
  A cyclops (D:11)
  A centaur zombie (D:10)
  2 gargoyles (D:10)
  A centaur skeleton (D:11)
  2 trolls
  2 hornets
  A slime creature (D:11)
  A shadow (D:11)
  2 water elementals (D:11)
  11 yaks
  2 wyverns
  3 wraiths
  Grum (D:8)
  Eustachio (D:5)
  2 acid dragons
  A water moccasin (D:8)
  A hornet zombie (D:12)
  Purgy (Sewer)
  3 orc warriors
  2 sky beasts
  A black bear (D:7)
  2 ice beasts
  An eye of draining (D:3)
  A phantom (D:8)
  A necrophage (D:6)
  4 ogres
  3 wolves (D:8)
  5 centaurs
  4 bullfrogs
  4 scorpions
  4 killer bees (D:8)
  9 wights
  4 howler monkeys
  An electric eel (D:11)
  3 bullfrog zombies
  7 hounds
  3 jellies
  A quasit (D:10)
  11 orc priests
  4 bullfrog skeletons
  5 iguanas
  6 orc wizards
  10 worker ants
  A hound zombie (D:10)
  A hound skeleton (D:10)
  2 worker ant zombies
  5 gnolls
  17 adders
  A shadow imp (D:7)
  A white imp (D:7)
  An ufetubus (D:5)
  2 adder skeletons (D:5)
  3 adder zombies
  3 worms
  3 dart slugs
  10 leopard geckos
  52 orcs
  7 giant cockroaches
  2 hobgoblins
  15 jackals
  5 quokkas
  2 ball pythons
  11 bats
  9 frilled lizards
  8 goblins
  A jackal zombie (D:5)
  9 kobolds
  2 leopard gecko skeletons
  A leopard gecko zombie (D:7)
  A quokka skeleton (D:5)
  6 rats
317 creatures vanquished.

Vanquished Creatures (others)
  6 plants (D:11)
6 creatures vanquished.

Grand Total: 323 creatures vanquished

Notes
Turn   | Place    | Note
-------+----------+-------------------------------------------
     0 | D:1      | Morbidden the Demonspawn Fighter began the quest for the
                  | Orb.
     0 | D:1      | Reached XP level 1. HP: 18/18 MP: 1/1
   186 | D:1      | Reached skill level 2 in Long Blades
   226 | D:1      | Gained mutation: You have a pair of small horns on your
                  | head. [demonic ancestry]
   226 | D:1      | Reached XP level 2. HP: 24/24 MP: 2/2
   428 | D:1      | Gained mutation: Your movements are slightly less
                  | encumbered by armour. (ER -2) [demonic ancestry]
   428 | D:1      | Reached XP level 3. HP: 25/29 MP: 3/3
  1290 | D:2      | Reached XP level 4. HP: 35/35 MP: 4/4
  1304 | D:2      | Reached skill level 3 in Long Blades
  1536 | D:2      | Found an opulent altar of Gozag.
  1717 | D:3      | Found a sacrificial altar of Ru.
  1891 | D:3      | Reached XP level 5. HP: 32/41 MP: 5/5
  1966 | D:3      | Found a glowing drain.
  1970 | Sewer    | Entered a sewer
  2104 | Sewer    | Noticed Purgy
  2121 | Sewer    | Killed Purgy
  2121 | Sewer    | Reached skill level 4 in Long Blades
  2121 | Sewer    | Reached skill level 1 in Dodging
  2469 | D:3      | Found a bloodstained altar of Trog.
  2469 | D:3      | Noticed an eye of draining
  2483 | D:3      | Killed an eye of draining
  2483 | D:3      | Reached XP level 6. HP: 47/47 MP: 0/6
  3181 | D:4      | Found Vyighax's Book Boutique.
  3234 | D:4      | Gained mutation: You have a pair of horns on your head.
                  | [demonic ancestry]
  3234 | D:4      | Reached XP level 7. HP: 45/53 MP: 7/7
  4529 | D:4      | Reached skill level 1 in Throwing
  4581 | D:4      | Found a broken altar of Ashenzari.
  4866 | D:5      | Entered Level 5 of the Dungeon
  5027 | D:4      | Reached skill level 5 in Long Blades
  5395 | D:5      | Noticed Eustachio
  5416 | D:5      | Killed Eustachio
  5416 | D:5      | Reached skill level 1 in Stealth
  5416 | D:5      | Gained mutation: You sometimes gain a little power by
                  | taking damage. [demonic ancestry]
  5416 | D:5      | Reached XP level 8. HP: 46/61 MP: 8/8
  5788 | D:5      | Found a broken altar of Ashenzari.
  6197 | D:6      | Reached skill level 1 in Spellcasting
  6251 | D:6      | Noticed a kobold demonologist
  6252 | D:6      | Found a transporter.
  6252 | D:6      | Found a transporter.
  6252 | D:6      | Noticed a kobold demonologist
  6372 | D:6      | Found a staircase to the Ecumenical Temple.
  6381 | Temple   | Entered the Ecumenical Temple
  6541 | D:6      | Reached skill level 6 in Long Blades
  7240 | D:7      | Reached skill level 5 in Shields
  8040 | D:7      | Found a shimmering blue altar of Sif Muna.
  8040 | D:7      | Found a snail-covered altar of Cheibriados.
  8040 | D:7      | Found an iron altar of Okawaru.
  8058 | D:7      | Found Ipaile's Weapon Shoppe.
  8182 | D:7      | Found a large runed translucent door.
  8182 | D:7      | Found a large runed translucent door.
  8191 | D:7      | Noticed Forecaster's ghost (novice NaVM)
  8281 | D:7      | Reached skill level 5 in Fighting
  8314 | D:7      | Gained mutation: Your movements are less encumbered by
                  | armour. (ER -4) [demonic ancestry]
  8314 | D:7      | Reached XP level 9. HP: 68/68 MP: 12/12
  8328 | D:7      | Found a radiant altar of Vehumet.
  8333 | D:7      | Became a worshipper of Vehumet
  8668 | D:7      | Found a bloodstained altar of Trog.
  8986 | D:8      | Reached skill level 7 in Long Blades
  9217 | D:8      | Noticed Grum
  9233 | D:8      | Killed Grum
  9233 | D:8      | Reached * piety under Vehumet
  9233 | D:8      | Offered knowledge of Magic Dart by Vehumet.
  9238 | D:8      | Learned a level 1 spell: Magic Dart
  9635 | D:8      | Reached skill level 1 in Conjurations
 10049 | D:8      | Found a blossoming altar of Fedhas.
 11338 | D:9      | Found a staircase to the Orcish Mines.
 11358 | D:9      | Gained mutation: You are partially covered in sharp spines.
                  | [demonic ancestry]
 11358 | D:9      | Reached XP level 10. HP: 68/76 MP: 15/15
 11695 | D:9      | Reached ** piety under Vehumet
 11902 | D:9      | Found a glowing golden altar of the Shining One.
 11972 | D:9      | Offered knowledge of Sandblast by Vehumet.
 12045 | D:9      | Found a stormy altar of Qazlal.
 12294 | D:10     | Entered Level 10 of the Dungeon
 12294 | D:10     | Found a staircase to the Lair.
 12294 | D:10     | Found a blossoming altar of Fedhas.
 12297 | D:10     | Noticed a gargoyle
 12626 | D:10     | Killed a gargoyle
 12759 | D:10     | Noticed a gargoyle
 12769 | D:10     | Reached skill level 8 in Long Blades
 13140 | D:10     | Killed a gargoyle
 13307 | D:10     | Reached skill level 5 in Spellcasting
 13311 | D:10     | Reached skill level 5 in Armour
 13369 | D:10     | Offered knowledge of Stone Arrow by Vehumet.
 13750 | D:10     | Reached *** piety under Vehumet
 13778 | D:10     | Reached XP level 11. HP: 62/82 MP: 19/19
 13975 | D:10     | Found Waeg's Gadget Shoppe.
 13986 | D:10     | Noticed a catoblepas
 14425 | D:10     | Killed a catoblepas
 15474 | D:11     | Paralysed by a hornet for 1 turns
 15479 | D:11     | Paralysed by a hornet for 1 turns
 15910 | D:11     | Reached skill level 1 in Evocations
 16734 | D:12     | Learned a level 3 spell: Vampiric Draining
 16906 | D:12     | HP: 3/83 [slime creature (6)]
 16907 | D:12     | Slain by a sky beast

Illustrated notes

Levels and vault maps discovered:
D:1:      sevenhm_arrival_forest_fort_large_1, layout_loops_ring
D:2:      layout_basic, marbit_many_paths
D:3:      layout_loops_cross, nicolae_ru_awakened_eye, gup_sewer_entry_spiral,
          minmay_statues_item, trog_eyes_of_draining
D:4:      layout_rooms, old_standard_altar, serial_shops, shop
D:5:      layout_loops_cross, moated_statue, evilmike_ruin_ashenzari,
          uniq_eustachio
D:6:      gammafunk_wand_slinger, layout_basic,
          minmay_temple_entry_antechambers, serial_co_window_serial,
          co_window_of_opportunity_a, co_window_of_opportunity_a,
          co_window_paths_a, co_window_cross_1, co_window_corner_a,
          co_window_corner_ca, co_window_broadway_c, co_window_of_opportunity_b,
          co_window_4corner_b, glass_columns_a, glass_columns_c, glass_columns_b
D:7:      layout_loops_corners, gammafunk_temple_overflow_claw,
          lemuel_doored_altar, lemuel_round_altar, ebering_ghost_disaster_area,
          serial_shops, shop
D:8:      layout_basic, nicolae_overflow_crystal_walls, uniq_grum
D:9:      layout_cave_pools, grunt_qazlal_clouds,
          nicolae_tso_swordbearing_angel, nicolae_overflow_hidden_temple,
          hiddenorc1_lemuel, bh_walls_and_bars
D:10:     layout_rooms, lair_entry_dummy, serial_shops, shop, fedhas_altar_2
D:11:     layout_loops_ring, chequers_big_river
D:12:     layout_long_grid
Temple:   compressed_dpeg_circular_temple

Skill      XL: |  1  2  3  4  5  6  7  8  9 10 11 |
---------------+----------------------------------+-----
Long Blades    | 2 3 4 5 6 7 8 |  8.7
Shields        | 3 4 5 6 7 |  7.9
Armour         | 3 4 5 |  5.8
Dodging        | 1 2 3 4 |  4.9
Fighting       | 4 5 6 |  6.7
Throwing       | 1 2 |  2.2
Stealth        | 1 2 |  2.9
Spellcasting   | 2 3 5 6 |  6.2
Conjurations   | 2 3 4 |  4.9
Evocations     | 1 |  1.2
Necromancy     | |  0.2

Action                   |  1- 3 |  4- 6 |  7- 9 | 10-12 || total
-------------------------+-------+-------+-------+-------++-------
Melee: Long sword        |   123 |   184 |   565 |    16 ||   888
       Headbutt          |    13 |    33 |   110 |   102 ||   258
       Scimitar          |       |       |       |   367 ||   367
Throw: Dart              |       |     5 |    35 |    13 ||    53
 Cast: Magic Dart        |       |       |       |    11 ||    11
Evoke: Wand              |       |       |     2 |     3 ||     5
  Use: Potion            |       |     4 |     6 |     3 ||    13
       Scroll            |       |     1 |     2 |     6 ||     9
 Stab: Sleeping          |       |       |     6 |     3 ||     9
       Invisible         |       |       |     3 |       ||     3
Armor: Scale mail        |    59 |   107 |    41 |       ||   207
       Leather armour    |       |       |   179 |     5 ||   184
       Skin              |       |       |    36 |       ||    36
       Plate armour      |       |       |       |   149 ||   149
Dodge: Dodged            |    39 |    81 |   295 |   121 ||   536
Block: Kite shield       |    71 |   110 |   371 |   200 ||   752
       Rpst.: Long sword |    12 |    22 |    80 |     2 ||   116
       Scimitar          |       |       |       |    25 ||    25

Table legend: (Time is in decaauts)
 A = Elapsed time spent in this place.
 B = Non-inter-level travel time spent in this place.
 C = Inter-level travel time spent in this place.
 D = Time resting spent in this place.
 E = Time spent auto-exploring this place.
 F = Levels seen in this place.
 G = Mean time per level.
                   A        B        C        D        E       F      G
               +--------+--------+--------+--------+--------+-----+--------+
         Total |  17221 |  16654 |    567 |   2982 |  10704 |  14 | 1230.1 |
       Dungeon |  16699 |  16146 |    553 |   2982 |  10272 |  12 | 1391.6 |
        Temple |     91 |     77 |     14 |      0 |     75 |   1 |   91.0 |
         Sewer |    430 |    430 |      0 |      0 |    356 |   1 |  430.0 |
               +--------+--------+--------+--------+--------+-----+--------+

Top non-repeatable levels by time:
     D:8: 2130 daAuts
     D:3: 2010 daAuts
     D:9: 1944 daAuts
    D:10: 1896 daAuts
    D:11: 1672 daAuts
     D:7: 1670 daAuts
     D:4: 1248 daAuts
     D:2: 964 daAuts
     D:5: 946 daAuts
     D:6: 944 daAuts
     D:1: 802 daAuts
    D:12: 467 daAuts
   Sewer: 430 daAuts
  Temple: 91 daAuts
